 Dungeon Crawl Stone Soup version 0.25-a0-1137-g7f6bfe4 (webtiles) character file.

Game seed: 13540350549604492515, levelgen mode: deterministic

60119 thirtiethelement the Carver (level 14, -13/111 HPs)
             Began as a Demonspawn Abyssal Knight on May 23, 2020.
             Was the Champion of Lugonu.
             Killed from afar by Frances (43 damage)
             ... with a shard of ice
             ... on level 1 of the Spider Nest.
             The game lasted 02:00:38 (16877 turns).

thirtiethelement the Carver (DsAK)                 Turns: 16877, Time: 02:00:38

Health: -13/111    AC: 21    Str: 22    XL:     14   Next: 55%
Magic:  16/16      EV: 16    Int: 19    God:    Lugonu [******]
Gold:   1554       SH: 19    Dex: 15    Spells: 6/13 levels left

rFire    . . .     SeeInvis .   a - +3 falchion (vamp)
rCold    . . .     Gourm    .   L - +2 kite shield
rNeg     . . .     Faith    .   G - +0 swamp dragon scales
rPois    +         Spirit   .   (helmet unavailable)
rElec    .         Reflect  +   M - +4 cloak "Ecwuc" {rCorr Int+6 Stlth+}
rCorr    +         Harm     .   S - +3 pair of gauntlets of War {Slay+5}
MR       +....                  k - +1 pair of boots
Stlth    +++++.....             Z - amulet of reflection
HPRegen  0.00/turn              P - ring of poison resistance
MPRegen  0.15/turn              t - +6 ring of strength

@: lethally poisoned (-13 -> -14), hasted, very quick
A: horns 3, powered by pain 2, inhibited regeneration, spiny 3, sturdy frame 1
a: Depart the Abyss, Bend Space, Banish, Corrupt, Enter the Abyss, Brand Weapon
With Distortion, Renounce Religion


You were on level 1 of the Spider Nest.
You worshipped Lugonu.
Lugonu was exalted by your worship.
You were hungry.

You visited 4 branches of the dungeon, and saw 18 of its levels.
You visited the Abyss 1 time.
You also visited: Sewer and Bailey.

You collected 1832 gold pieces.
You spent 278 gold pieces at shops.

Inventory:

Hand Weapons
 a - a +3 vampiric falchion (weapon)
 B - the +9 shortbow "Arcanum" {flame, *Corrode rElec MR+}
   (You found it on level 10 of the Dungeon)

   It causes projectiles fired from it to burn those they strike, causing extra
   injury to most foes and up to half again as much damage against particularly
   susceptible opponents.
   It insulates you from electricity.
   It affects your resistance to hostile enchantments.
   It may corrode you when you take damage.
Missiles
 f - 20 poisoned darts (quivered)
 I - 15 boomerangs
Armour
 k - a +1 pair of boots (worn)
 G - +0 swamp dragon scales (worn)
 L - a +2 kite shield (worn)
 M - the +4 cloak "Ecwuc" (worn) {rCorr Int+6 Stlth+}
   (You bought it in a shop on level 4 of the Dungeon)

   It affects your intelligence (+6).
   It provides partial protection from all sources of acid and corrosion.
   It makes you more stealthy.
 S - the +3 pair of gauntlets of War (worn) {Slay+5}
   (You acquired it on level 1 of the Lair of Beasts)

   It affects your accuracy and damage with ranged weapons and melee attacks
   (+5).
Jewellery
 d - an uncursed amulet of guardian spirit
 g - a +4 ring of evasion
 l - an uncursed ring of magical power
 t - a +6 ring of strength (right hand)
 w - an uncursed ring of ice
 x - an uncursed ring of fire
 P - a ring of poison resistance (left hand)
 X - a +6 ring of dexterity
 Z - an amulet of reflection (around neck)
Wands
 p - a wand of flame (40)
 F - a wand of polymorph (23)
 U - a wand of clouds (5)
Scrolls
 m - a scroll of brand weapon
 v - 14 scrolls of remove curse
 C - 9 scrolls of teleportation
 D - 7 scrolls of immolation
 J - 7 scrolls of magic mapping
 K - 3 scrolls of amnesia
 N - 5 scrolls of fear
 Q - a scroll of acquirement
 W - a scroll of enchant weapon
 Y - 2 scrolls of enchant armour
Potions
 b - a potion of invisibility
 e - 6 potions of lignification
 h - a potion of magic {unknown}
 i - 2 potions of berserk rage
 j - 12 potions of curing
 n - 7 potions of flight
 o - a potion of haste
 r - 2 potions of resistance
 s - 3 potions of might
 u - 4 potions of stabbing
 z - a potion of cancellation
 H - a potion of brilliance
 T - a potion of ambrosia
Miscellaneous
 V - a lightning rod (3/4)
Comestibles
 c - 13 rations


   Skills:
 + Level 10.5 Fighting
 + Level 13.1 Long Blades
 + Level 6.3 Throwing
 + Level 7.2 Armour
 + Level 9.1 Dodging
 + Level 8.8 Stealth
 * Level 8.6 Shields
 + Level 3.8 Invocations
 + Level 2.8 Evocations


You had 6 spell levels left.
You knew the following spells:

 Your Spells              Type           Power        Failure   Level  Hunger
a - Corona                Hex            #......      50%         1    ##.....
b - Shock                 Conj/Air       #...         50%         1    ##.....
c - Swiftness             Chrm/Air       #.......     65%         2    ###....
d - Static Discharge      Conj/Air       #.......     86%         3    ####...

Your spell library contained the following spells:

 Spells                   Type           Power        Failure   Level  Hunger
 Animate Skeleton         Necr           N/A          50%         1    ##.....
 Apportation              Tloc           #.....       50%         1    ##.....
 Summon Small Mammal      Summ           #...         50%         1    ##.....
 Ensorcelled Hibernation  Hex/Ice        #.....       65%         2    ###....
 Slow                     Hex            #.......     65%         2    ###....
 Confusing Touch          Hex            #.......     86%         3    ####...
 Dazzling Flash           Conj/Hex       #.....       86%         3    ####...
 Gell's Gravitas          Tloc           #.........   86%         3    ####...
 Inner Flame              Hex/Fire       #.......     86%         3    ####...
 Portal Projectile        Hex/Tloc       #.....       86%         3    ####...
 Recall                   Summ/Tloc      N/A          86%         3    ####...
 Tukima's Dance           Hex            #.......     86%         3    ####...
 Airstrike                Air            #.........   99%         4    #####..
 Animate Dead             Necr           N/A          99%         4    #####..
 Cause Fear               Hex            #.........   99%         4    #####..
 Leda's Liquefaction      Hex/Erth       #.........   99%         4    #####..
 Petrify                  Tmut/Erth      #.......     99%         4    #####..
 Borgnjor's Vile Clutch   Necr/Erth      #.........   100%        5    ######.
 Lightning Bolt           Conj/Air       #.........   100%        5    ######.
 Metabolic Englaciation   Hex/Ice        #.........   100%        5    ######.
 Yara's Violent Unravell  Hex/Tmut       #.........   100%        5    ######.
 Death Channel            Necr           #.........   100%        6    #######
 Simulacrum               Ice/Necr       #.........   100%        6    #######


Dungeon Overview and Level Annotations

Branches:
Dungeon (10/15)            Temple (0/1) D:4            Lair (6/6) D:10
 Shoals (1/4) Lair:2       Spider (1/4) Lair:4        Slime (0/5) Lair:5
    Orc (0/2) D:10          Sewer (visited)          Bailey (visited)

Altars:
Elyvilon
Okawaru
Ru
Vehumet
Xom
Yredelemnul
Zin

Shops:
D:4 }[*[   D:6 !

Annotations:
Spider:1 Frances


Innate Abilities, Weirdness & Mutations

You have a pair of large horns on your head.
You sometimes gain power by taking damage.
You are completely covered in sharp spines.
Your movements are slightly less encumbered by armour. (ER -2)
You do not regenerate when monsters are visible.


Message History

Frances mutters a nigh-unspeakable word.
You feel sick.
You feel sick.
Frances chants phrases taken from a devil's mouth.
You are feeling hungry.
Frances mutters in a terrible tongue.
Frances seems to speed up.
You feel sick.
You feel sick.
You feel sick.
Frances says, "I speak the language of demons!"
You feel yourself speed up.
You feel sick.
You feel sick.
Frances howls an indescribable curse.
Frances chants phrases taken from a devil's mouth.
You feel sick.
The rust devil is caught in a web!
Frances chants phrases taken from a devil's mouth.
The shard of ice hits you!!!
You die...

####.....#.#....#
###..........###
#....^.....#...##
##..............^##
###..#.....4........#
..........###@.....##
...^........#....###
..#####.....#.....## #####
#..###......#.##@..# ##.#.###
....#....#.^###....####......#
..#......##.##..#.....†......#
.†....#...###.....<......#^.##
......#.#.##................#
........###.....#..#.#.....^#
....##.## ##^##......##....##
###..### #####..#.......##
..#### #.#.......##


You could see Frances (fast) and a rust devil (summoned, webbed).

Vanquished Creatures
  A merfolk impaler (Shoals:1)
  3 catoblepae (Lair:6)
  5 hydras
  17 death yaks
  2 two-headed ogres
  Nergalle (Lair:3)
  Sonja (Lair:5)
  An unseen horror (D:10)
  The ghost of gowby the Carver, a novice BaSk of Okawaru (D:7)
  Pikel (D:4)
  An orc knight (Bailey)
  3 orb spiders (Spider:1)
  4 wolf spiders (Spider:1)
  4 manticores
  3 merfolk sirens (Lair:2)
  Maurice (D:8)
  4 black mambas
  Maggie (D:6)
  8 spiny frogs
  2 demonic crawlers
  10 komodo dragons
  A troll (D:9)
  2 wind drakes
  6 jumping spiders (Spider:1)
  5 merfolk
  2 slime creatures (Lair:5)
  Grinder (D:3)
  A snapping turtle (Shoals:1)
  Prince Ribbit (D:7)
  5 dream sheep (Lair:3)
  3 hippogriffs
  10 blink frogs (Lair:5)
  Sigmund (D:3)
  14 redbacks (Spider:1)
  A shadow (D:9)
  5 tarantellas (Spider:1)
  A wyvern (D:10)
  44 yaks
  2 hungry ghosts
  A wraith (D:9)
  A human (D:8)
  A fire elemental (Lair:6)
  4 fire bats (Lair:6)
  The ghost of thirtiethelement the Skirmisher, an amateur DsAK of Lugonu (D:4)
  3 basilisks (Lair:3)
  A soldier ant (D:9)
  9 water moccasins
  9 porcupines
  3 orc warriors (Bailey)
  A black bear (D:7)
  A necrophage (D:9)
  2 ogres
  3 phantoms
  16 wolves
  8 crocodiles
  7 centaurs
  2 big kobolds
  An elf zombie (D:9)
  9 bullfrogs
  2 gnoll sergeants
  A wyvern zombie (D:7)
  5 scorpions
  2 electric eels (D:8)
  3 wights (D:9)
  A crimson imp (D:9)
  2 quasits (D:7)
  4 hounds
  2 human zombies (D:9)
  4 jellies
  A bullfrog skeleton (D:9)
  A bullfrog zombie (D:10)
  5 orc priests
  A human skeleton (D:9)
  11 worker ants
  Natasha (thrice) (D:2)
  7 iguanas
  4 orc wizards
  A hound skeleton (D:9)
  2 mummies (D:9)
  A howler monkey zombie (D:5)
  15 gnolls
  9 adders
  A shadow imp (D:9)
  3 adder skeletons (D:7)
  5 worms
  3 leopard geckos
  17 orcs
  9 bats
  7 giant cockroaches
  7 hobgoblins
  9 jackals
  2 quokkas
  2 ball pythons (D:3)
  7 frilled lizards
  10 goblins
  20 kobolds
  An orc zombie (D:9)
  17 rats
  A fungus (Lair:1)
  2 plants
472 creatures vanquished.

Vanquished Creatures (others)
  A redback (Spider:1)
  A phantom (D:4)
  A leopard gecko (D:4)
  An orc (D:7)
  3 fungi
  5 plants
12 creatures vanquished.

Grand Total: 484 creatures vanquished

Notes
Turn   | Place    | Note
-------+----------+-------------------------------------------
     0 | Abyss:1  | thirtiethelement the Demonspawn Abyssal Knight began the
                  | quest for the Orb.
     0 | Abyss:1  | Reached XP level 1. HP: 18/18 MP: 2/2
    39 | Abyss:1  | Noticed an iron imp
    44 | Abyss:1  | Noticed a small abomination
    51 | Abyss:1  | Noticed an orange demon
    74 | D:1      | Escaped the Abyss
   494 | D:1      | Gained mutation: You are partially covered in sharp spines.
                  | [demonic ancestry]
   494 | D:1      | Reached XP level 2. HP: 24/24 MP: 3/3
   534 | D:1      | Reached skill level 2 in Long Blades
   778 | D:1      | Reached * piety under Lugonu
  1113 | D:2      | Gained mutation: Your movements are slightly less
                  | encumbered by armour. (ER -2) [demonic ancestry]
  1113 | D:2      | Reached XP level 3. HP: 29/29 MP: 4/4
  1123 | D:2      | Reached skill level 1 in Dodging
  1146 | D:2      | Noticed Natasha
  1161 | D:2      | Killed Natasha
  1161 | D:2      | Reached skill level 1 in Throwing
  1287 | D:2      | Noticed Natasha
  1297 | D:2      | Killed Natasha
  1297 | D:2      | Gained mutation: You have a pair of small horns on your
                  | head. [demonic ancestry]
  1297 | D:2      | Reached XP level 4. HP: 31/35 MP: 3/5
  1326 | D:2      | Noticed Natasha
  1334 | D:2      | Killed Natasha
  1490 | D:2      | Reached skill level 3 in Long Blades
  1601 | D:2      | Reached XP level 5. HP: 39/41 MP: 6/6
  1892 | D:3      | Noticed Grinder
  1909 | D:3      | Killed Grinder
  1909 | D:3      | Reached skill level 1 in Stealth
  1909 | D:3      | Reached XP level 6. HP: 44/48 MP: 7/7
  1928 | D:3      | Reached ** piety under Lugonu
  2363 | D:3      | Noticed Sigmund
  2379 | D:3      | Killed Sigmund
  2379 | D:3      | Reached skill level 4 in Long Blades
  2379 | D:3      | Gained mutation: You sometimes gain a little power by
                  | taking damage. [demonic ancestry]
  2379 | D:3      | Reached XP level 7. HP: 42/53 MP: 4/8
  2562 | D:4      | Found Veveam's General Store.
  2563 | D:4      | Found Icacrok's Antique Armour Shoppe.
  2598 | D:4      | Noticed Pikel
  2631 | D:4      | Killed Pikel
  2631 | D:4      | Reached skill level 5 in Long Blades
  2631 | D:4      | Gained mutation: You sometimes gain power by taking damage.
                  | [demonic ancestry]
  2631 | D:4      | Reached XP level 8. HP: 42/61 MP: 2/9
  2743 | D:4      | Found Xuygoosif's Antique Armour Shop.
  2780 | D:4      | Found a white marble altar of Elyvilon.
  2917 | D:4      | Found a large runed translucent door.
  2918 | D:4      | Found a large runed translucent door.
  2918 | D:4      | Noticed thirtiethelement's ghost (amateur DsAK)
  2936 | D:4      | Killed thirtiethelement's ghost
  3113 | D:4      | Found Quofoewepp's Gadget Emporium.
  3237 | D:4      | Found a staircase to the Ecumenical Temple.
  3380 | D:4      | Found an iron altar of Okawaru.
  3380 | D:4      | Found a sacrificial altar of Ru.
  3554 | D:5      | Entered Level 5 of the Dungeon
  3583 | D:5      | You fall into a shaft and drop 2 floors!
  3583 | D:7      | Noticed Prince Ribbit
  3593 | D:7      | Killed Prince Ribbit
  3593 | D:7      | Reached skill level 6 in Long Blades
  3598 | D:7      | Reached skill level 5 in Fighting
  3699 | D:7      | Noticed gowby's ghost (novice BaSk)
  3704 | D:7      | Found a transporter.
  3707 | D:7      | Found a transporter.
  3888 | D:7      | Reached XP level 9. HP: 62/68 MP: 10/10
  3981 | D:6      | Noticed Maggie
  4003 | D:6      | Killed Maggie
  4003 | D:6      | Reached skill level 7 in Long Blades
  4103 | D:6      | Found a glowing drain.
  4112 | Sewer    | Entered a sewer
  4198 | Sewer    | Found a white marble altar of Elyvilon.
  4502 | D:6      | Gained mutation: You have a pair of horns on your head.
                  | [potion of mutation]
  4502 | D:6      | Gained mutation: You do not regenerate when monsters are
                  | visible. [potion of mutation]
  4502 | D:6      | Gained mutation: You have a pair of large horns on your
                  | head. [potion of mutation]
  4570 | D:6      | Found Ruegaheb's Distillery.
  4596 | D:6      | Bought a potion of heal wounds for 60 gold pieces
  4729 | D:6      | Learned a level 1 spell: Corona
  4731 | D:6      | Learned a level 1 spell: Shock
  4734 | D:6      | Learned a level 2 spell: Swiftness
  4738 | D:6      | Learned a level 3 spell: Static Discharge
  5508 | D:5      | Reached *** piety under Lugonu
  6017 | D:4      | Bought a scorched cloak for 218 gold pieces
  6028 | D:4      | Identified the +4 cloak "Ecwuc" {rCorr Int+6 Stlth+} (You
                  | bought it in a shop on level 4 of the Dungeon)
  6261 | D:7      | Reached skill level 8 in Long Blades
  6369 | D:7      | Killed gowby's ghost
  6369 | D:7      | Reached skill level 5 in Armour
  6383 | D:7      | Gained mutation: You are mostly covered in sharp spines.
                  | [demonic ancestry]
  6383 | D:7      | Reached XP level 10. HP: 50/77 MP: 7/11
  6483 | D:8      | Found a radiant altar of Vehumet.
  6683 | D:8      | Noticed Maurice
  6715 | D:8      | Killed Maurice
  6715 | D:8      | Reached skill level 5 in Dodging
  6779 | D:8      | Found a shimmering altar of Xom.
  6959 | D:8      | Noticed an angel
  6960 | D:8      | Found a glowing silver altar of Zin.
  7187 | D:9      | Reached skill level 9 in Long Blades
  7197 | D:9      | Noticed a two-headed ogre
  7416 | D:9      | Killed a two-headed ogre
  7432 | D:9      | Reached skill level 5 in Stealth
  7472 | D:9      | Reached **** piety under Lugonu
  7721 | D:9      | Found a basalt altar of Yredelemnul.
  8100 | D:10     | Entered Level 10 of the Dungeon
  8101 | D:10     | Noticed a two-headed ogre
  8112 | D:10     | Killed a two-headed ogre
  8112 | D:10     | Reached XP level 11. HP: 69/83 MP: 9/12
  8141 | D:10     | Killed an unseen horror
  8169 | D:10     | Noticed a death yak
  8172 | D:10     | Noticed a death yak
  8174 | D:10     | Noticed a death yak
  8176 | D:10     | Reached skill level 10 in Long Blades
  8176 | D:10     | Noticed a death yak
  8192 | D:10     | Killed a death yak
  8227 | D:9      | Killed a death yak
  8425 | D:9      | Killed a death yak
  8572 | D:9      | Killed a death yak
  8669 | D:10     | Got a bloodstained shortbow
  8697 | D:10     | Found a staircase to the Orcish Mines.
  8711 | D:10     | Found a staircase to the Lair.
  8734 | D:10     | Found a flagged portal.
  8767 | D:10     | Noticed a death yak
  8794 | D:10     | Killed a death yak
  8810 | Bailey   | Entered a bailey
  8961 | Bailey   | Reached ***** piety under Lugonu
  9033 | Bailey   | Got a transparent robe
  9039 | Bailey   | Identified the +1 robe of Doevybon {MR+ Dex+4} (You found
                  | it in a bailey)
  9077 | Bailey   | Noticed an orc knight
  9093 | Bailey   | Killed an orc knight
  9093 | Bailey   | Reached skill level 5 in Throwing
  9094 | Bailey   | Found a burning altar of Makhleb.
  9378 | Lair:1   | Entered Level 1 of the Lair of Beasts
  9445 | Lair:1   | Noticed an eight-headed hydra
  9446 | Lair:1   | Noticed a five-headed hydra
  9553 | Lair:1   | Killed a six-headed hydra
  9762 | Lair:1   | Gained mutation: You are completely covered in sharp
                  | spines. [demonic ancestry]
  9762 | Lair:1   | Reached XP level 12. HP: 94/94 MP: 13/13
  9843 | Lair:1   | Reached skill level 11 in Long Blades
 10229 | Lair:1   | Killed an eight-headed hydra
 10229 | Lair:1   | Reached skill level 1 in Evocations
 10567 | Lair:1   | Identified 2 scrolls of acquirement
 10568 | Lair:1   | Found the +3 pair of gauntlets of War {Slay+5}
 10568 | Lair:1   | Got the +3 pair of gauntlets of War {Slay+5}
 11426 | Lair:2   | Noticed a death yak
 11428 | Lair:2   | Noticed a death yak
 11431 | Lair:2   | Noticed a death yak
 11448 | Lair:2   | Killed a death yak
 11455 | Lair:2   | Killed a death yak
 11455 | Lair:2   | Reached skill level 1 in Shields
 11460 | Lair:2   | Killed a death yak
 11478 | Lair:2   | Found a staircase to the Shoals.
 11975 | Lair:3   | Noticed Nergalle
 11998 | Lair:3   | Killed Nergalle
 12365 | Lair:3   | Found the +3 giant club "Skullcrusher" {speed, Str+7}
 12377 | Lair:3   | Noticed a five-headed hydra
 12403 | Lair:3   | Mutation became permanent: You have a pair of horns on your
                  | head. [demonic ancestry]
 12403 | Lair:3   | Gained mutation: You have a pair of large horns on your
                  | head. [demonic ancestry]
 12403 | Lair:3   | Reached XP level 13. HP: 65/101 MP: 6/15
 12867 | Lair:4   | Found a hole to the Spider Nest.
 12884 | Lair:4   | Reached ****** piety under Lugonu
 13223 | Lair:5   | Reached skill level 12 in Long Blades
 13541 | Lair:5   | Reached skill level 5 in Shields
 13608 | Lair:5   | Noticed Sonja
 13619 | Lair:5   | Killed Sonja
 13963 | Lair:5   | Found a staircase to the Slime Pits.
 14409 | Lair:6   | Entered Level 6 of the Lair of Beasts
 14779 | Lair:6   | Reached skill level 10 in Fighting
 14891 | Lair:6   | Reached XP level 14. HP: 110/110 MP: 16/16
 15155 | Lair:6   | Identified the +9 shortbow "Arcanum" {flame, *Corrode rElec
                  | MR+} (You found it on level 10 of the Dungeon)
 15736 | Shoals:1 | Entered Level 1 of the Shoals
 16338 | Shoals:1 | Reached skill level 13 in Long Blades
 16382 | Lair:2   | Upgraded the game from 0.25-a0-1133-g93ebf73 to
                  | 0.25-a0-1137-g7f6bfe4
 16495 | Spider:1 | Entered Level 1 of the Spider Nest
 16829 | Spider:1 | Noticed Frances
 16877 | Spider:1 | Killed from afar by Frances

Illustrated notes

Levels and vault maps discovered:
D:1:      dpeg_arrival_rooms_b, layout_loops_cross, minmay_rat_gold_closets
D:2:      layout_basic, minmay_misc_feat_hallway, hangedman_decor_peaks_small,
          minmay_tromino_i2, uniq_natasha
D:3:      layout_basic, uniq_grinder, uniq_sigmund
D:4:      layout_loops_cross, kennysheep_mini, gammafunk_temple_overflow_wave,
          minmay_temple_entry_from_below_a, ebering_ghost_disaster_area,
          serial_shops, nicolae_shop_window_shopping, shop, shop_statue, shop,
          first_ration, uniq_pikel
D:5:      layout_cave_pods, lightli_minifort
D:6:      layout_loops_corners, serial_shops, nicolae_shop_statue_plus,
          gup_sewer_entry_pipe, grunt_decor_mini_mirrors,
          roderic_serpentine_path, uniq_maggie
D:7:      layout_rooms, gammafunk_ghost_arena, uniq_prince_ribbit1
D:8:      layout_basic, lemuel_crystal_altar, zin_angel, grunt_pizzeria,
          xom_teletrap_fun, uniq_maurice
D:9:      layout_loops_ring, lemuel_mausoleum_altar_yredelemnul
D:10:     layout_rooms, dpeg_lair_monsters, orc_0_dummy, enter_bailey_8,
          st_stairs_1
Lair:1:   layout_regular_city, minmay_shattered_shrine
Lair:2:   layout_cave_pods, elwin_shoals_entry_stream, infiniplex_staircase_pool
Lair:3:   beast_lair_carwin_large_4, layout_hall_layers, grunt_megastairs_5,
          uniq_nergalle
Lair:4:   layout_long_grid, nicolae_spider_entry_non_spiders
Lair:5:   layout_small_grid, minmay_slime_entry_pillars, uniq_sonja
Lair:6:   evilmike_catoblepas_cave, layout_gridlike
Shoals:1: layout_shoals
Spider:1: layout_spider_delve, uniq_frances

Skill      XL: |  1  2  3  4  5  6  7  8  9 10 11 12 13 14 |
---------------+-------------------------------------------+-----
Long Blades    | 2 3 4 5 6 8 9 10 11 12 13 | 13.1
Armour         | 2 3 4 5 6 7 |  7.2
Dodging        | 1 2 3 4 5 6 7 8 9 |  9.1
Throwing       | 1 3 4 5 6 |  6.3
Stealth        | 1 2 3 5 7 8 |  8.8
Fighting       | 4 5 6 7 8 9 10 | 10.5
Evocations     | 2 |  2.8
Shields        | 3 6 8 |  8.6
Invocations    | 3 |  3.8

Action                   |  1- 3 |  4- 6 |  7- 9 | 10-12 | 13-15 || total
-------------------------+-------+-------+-------+-------+-------++-------
Melee: Falchion          |    73 |    62 |   281 |   587 |   535 ||  1538
       Headbutt          |       |    17 |    70 |   179 |   181 ||   447
Throw: Dart              |    37 |    18 |     8 |    64 |    24 ||   151
Invok: Depart the Abyss  |     1 |       |       |       |       ||     1
       Bend Space        |       |       |       |     5 |     4 ||     9
Evoke: Wand              |       |       |       |    29 |     5 ||    34
       Lightning rod     |       |       |       |       |     8 ||     8
  Use: Scroll            |     2 |       |    15 |    10 |     7 ||    34
       Potion            |       |       |     4 |     1 |     6 ||    11
 Stab: Sleeping          |     2 |     2 |     3 |    24 |    10 ||    41
       Distracted        |       |       |       |     3 |     1 ||     4
       Petrified         |       |       |       |       |    12 ||    12
  Eat: Ration            |       |     2 |     4 |     6 |     4 ||    16
Armor: Leather armour    |    20 |       |       |       |       ||    20
       Ring mail         |       |    11 |    22 |       |       ||    33
       Swamp dragon scal |       |       |    45 |   169 |   157 ||   371
Dodge: Dodged            |    69 |    44 |   232 |   333 |   219 ||   897
Block: Kite shield       |       |       |       |    77 |   388 ||   465
       Reflection        |       |       |       |       |     4 ||     4
       Rpst.: Falchion   |    24 |    12 |    60 |    66 |    58 ||   220

Table legend:
 A = Non-vault XP
 B = Vault XP
 C = Vault XP percentage of total XP
 D = Non-vault monster count
 E = Vault monster count
 F = Vault count percentage of total count
                 A         B        C        D         E       F
            +---------+---------+-------+---------+---------+-------
      Total |   51345 |   34540 |  40.2 |     324 |     145 |  30.9
            +---------+---------+-------+---------+---------+-------
        D:1 |      27 |       7 |  20.6 |      17 |       7 |  29.2
        D:2 |     128 |      41 |  24.3 |      21 |       3 |  12.5
        D:3 |      76 |     503 |  86.9 |      23 |       2 |   8.0
        D:4 |     310 |     838 |  73.0 |      13 |       2 |  13.3
        D:5 |     704 |     157 |  18.2 |      15 |       6 |  28.6
        D:6 |     481 |     413 |  46.2 |      11 |       5 |  31.2
        D:7 |     654 |    1136 |  63.5 |      17 |       5 |  22.7
        D:8 |     819 |     653 |  44.4 |      15 |       2 |  11.8
        D:9 |    2601 |    3420 |  56.8 |      20 |      15 |  42.9
       D:10 |    1964 |    2933 |  59.9 |      18 |       7 |  28.0
     Lair:1 |    3546 |    4521 |  56.0 |      22 |      12 |  35.3
     Lair:2 |    5183 |    1680 |  24.5 |      19 |       4 |  17.4
     Lair:3 |    3812 |    3414 |  47.2 |      16 |      15 |  48.4
     Lair:4 |    1889 |     619 |  24.7 |       8 |       8 |  50.0
     Lair:5 |    7179 |    1454 |  16.8 |      17 |       5 |  22.7
     Lair:6 |    7732 |   11630 |  60.1 |      30 |      23 |  43.4
   Shoals:1 |    3871 |       0 |   0.0 |       9 |       0 |   0.0
   Spider:1 |   10369 |       0 |   0.0 |      33 |       0 |   0.0
      Sewer |       0 |     110 | 100.0 |       0 |       8 | 100.0
     Bailey |       0 |    1011 | 100.0 |       0 |      16 | 100.0
            +---------+---------+-------+---------+---------+-------
